 Dungeon Crawl Stone Soup version 0.28.0-45-g0d030f2227 (webtiles) character file.

Game seed: 15350562810611417214

41 Karl123 the Ducker (level 3, 0/28 HPs)
             Began as a Merfolk Gladiator on Apr 15, 2022.
             Slain by a gnoll
             ... wielding a +0 spear
              (3 damage)
             ... on level 2 of the Dungeon.
             The game lasted 00:04:16 (710 turns).

Karl123 the Ducker (Merfolk Gladiator)               Turns: 710, Time: 00:04:17

Health: 0/28       AC:  4    Str: 16    XL:     3   Next: 52%
Magic:  3/3        EV: 14    Int:  7    God:
Gold:   23         SH:  0    Dex: 15    Spells: 2/2 levels left

rFire   . . .      SeeInvis .   a - +0 trident
rCold   . . .      Faith    .   (no shield)
rNeg    . . .      Spirit   .   b - +0 leather armour
rPois   .          Reflect  .   c - +0 helmet
rElec   .          Harm     .   (no cloak)
rCorr   .          Rampage  .   (no gloves)
Will    .....                   (no boots)
Stlth   +.........              (no amulet)
HPRegen 0.09/turn               (no ring)
MPRegen 0.08/turn               (no ring)

@: no status effects
A: (nimble swimmer 2), mertail
a: no special abilities


You were on level 2 of the Dungeon.
You visited 1 branch of the dungeon, and saw 2 of its levels.

You collected 23 gold pieces.

Inventory:

Hand Weapons
 a - a +0 trident (weapon)
Missiles
 d - 5 throwing nets (quivered)
Armour
 b - a +0 leather armour (worn)
 c - a +0 helmet (worn)
Scrolls
 f - a scroll of enchant armour {unknown}
 g - a scroll of fear {unknown}
Potions
 e - a potion of curing {unknown}


   Skills:
 + Level 2.5 Fighting
 + Level 4.9 Polearms
 + Level 2.1 Throwing
 + Level 0.1 Armour
 + Level 5.1 Dodging


You had 2 spell levels left.
You didn't know any spells.
Your spell library contained the following spells:

 Spells                   Type           Power      Damage    Failure   Level
 Stone Arrow              Conj/Erth      0%         3d7       86%         3
 Animate Armour           Summ/Erth      0%         N/A       99%         4
 Lehudib's Crystal Spear  Conj/Erth      0%         10d2      100%        8


Dungeon Overview and Level Annotations

Branches:
Dungeon (2/15)

Altars:


Innate Abilities, Weirdness & Mutations

((You are very nimble when in or above water. (Stealth+, EV+, Speed+++)))
Your lower body shifts to a powerful aquatic tail in water.


Message History

The frilled lizard bites you but does no damage.
You hit the frilled lizard.
You kill the frilled lizard!
Found a leather armour.
An endoplasm comes into view.
You see here a +0 leather armour.
The endoplasm hits you.
You hit the endoplasm.
The endoplasm is lightly wounded.
The endoplasm freezes you.
You are frozen.
You hit the endoplasm.
You kill the endoplasm!
A gnoll comes into view. It is wielding a +0 flail.
The gnoll shouts!
You hear a shout!
An adder comes into view.
A gnoll comes into view. It is wielding a +0 spear.
The adder hisses angrily.
The gnoll moves out of view.
You closely miss the adder. The adder bites you. The adder closely misses you.
You hit the adder.
The adder is lightly wounded.
The adder bites you but does no damage.
You puncture the adder!
The adder is almost dead.
The adder bites you.
You closely miss the adder.
The adder is almost dead.
The adder bites you but does no damage. The adder closely misses you.
You hit the adder.
You kill the adder!
The gnoll hits you from afar with a +0 spear.
A gnoll comes into view. It is wielding a +0 spear.
Your Dodging skill increases to level 5!
The gnoll closely misses you. The gnoll hits you with a +0 flail!
* * * LOW HITPOINT WARNING * * *
You hit the gnoll.
The gnoll is moderately wounded.
The gnoll hits you with a +0 spear.
You die...

.g .. . .# ... .#
.... ####
###.##....
.....####gg.......
#...†.@g..#.....
#..##............
#.##........# #.
#[...###.# ..
##.##### .##
#.....# .#
#..###?## . ..
#.## #..# ###. #.
#. ##.## #....


You could see 3 gnolls.

Vanquished Creatures
  An adder (D:2)
  A dart slug (D:1)
  3 bats
  3 endoplasms
  2 giant cockroaches (D:1)
  3 goblins
  2 hobgoblins (D:1)
  A jackal (D:1)
  2 kobolds (D:1)
  A quokka (D:1)
  2 ball pythons (D:1)
  3 frilled lizards
  3 rats
27 creatures vanquished.

Notes
Turn   | Place    | Note
-------+----------+-------------------------------------------
     0 | D:1      | Karl123 the Merfolk Gladiator began the quest for the Orb.
     0 | D:1      | Reached XP level 1. HP: 16/16 MP: 1/1
   211 | D:1      | Reached XP level 2. HP: 18/22 MP: 2/2
   498 | D:1      | Reached XP level 3. HP: 21/28 MP: 3/3
   709 | D:2      | Reached skill level 5 in Dodging
   710 | D:2      | Slain by a gnoll

Illustrated notes

Levels and vault maps discovered:
D:1:      minmay_arrival_widening_spiral_wide, layout_rooms, hex_tiny
D:2:      layout_rooms, serial_shops, nicolae_diamond_shop

Skill      XL: |  1  2  3 |
---------------+----------+-----
Dodging        | 5 |  5.1
Fighting       | |  2.5
Polearms       | |  4.9
Throwing       | |  2.1
Armour         | |  0.1

Action                   || total
-------------------------++-------
Melee: Trident           ||    78
Armor: Leather armour    ||    52
Dodge: Dodged            ||   119
